Unix NetHack Version 3.7.0-84 Work-in-progress - last build May 8 2023 02:49:33 (a521f9c9ba282fe1dbcfd9214424a180692735d4,branch:master). Game began 2023-05-08 21:51:59, ended 2023-05-09 21:09:29. DoktorL, chaotic male human Wizard --------- |.......| ----- |.......| --------------- A ...| |..._...| |..*..........| ---------..-- --- |.......| --- --A.---------..| |..@@Aa.|...-- --... | |.......| | ...-- --.%.|.......|..| |.....aa|AcB5---..... |. ----A---- .| .....---@..%|.......|..| A |..@@.a@az.g@a-....... |.....@.......| ......*-%@$%aa@a._...|..| |......a|....---....... ---....@....--- .......---@...|.*.....|..| |.A..@.a|...-- --...... -----|----- ..A...-- --...|.......|..| ---------..-- ----%-- ....... --@---- --.%---------..| @ A ...| |...------- ...)... ------.w.----- |...**.%...AA.| ----- |.........| ...%... |..............| --------------- ------...-- ..@.... --...0.*%......A| |....--....!..--....%..........| ---...----%----................| |........@V**H0..............| ------------------ ---------- DoktorL the Enchanter St:18 Dx:17 Co:18 In:16 Wi:18 Ch:8 Chaotic S:862288 Astral Plane $:180 HP:144(144) Pw:141(207) AC:-17 Xp:17/699963 T:28909 Latest messages: The magic missile hits the priest of Thoth. The magic missile whizzes by you! The magic missile hits the cockatrice! The priest of Thoth turns to flee. The priest of Thoth wields a mace! The priest of Ptah wields a mace! The priest of Ptah wields a mace! The mace welds itself to the priest of Ptah's hand! You hit the priest of Thoth with the cockatrice corpse. The priest of Thoth is slowing down. The priest of Thoth turns to stone. You see here a statue of a priest. The Angel of Thoth zaps you with a magic missile! The magic missile hits the gremlin! The magic missile hits the cockatrice! The magic missile whizzes by you! "I've met smarter (and prettier) acid blobs." The priest of Ptah turns to flee. The renegade priestess of Anhur wields a mace! The mace welds itself to the renegade priestess of Anhur's hand! The priestess of Moloch casts a spell! The priestess of Moloch summons insects! You hit the giant beetle with the cockatrice corpse. The giant beetle is slowing down. The giant beetle turns to stone. You see here a statue of a giant beetle. The killer bee turns to flee. The giant beetle turns to flee. The giant beetle turns to flee. The killer bee turns to flee. The soldier ant turns to flee. "Thou art not worthy to seek the Amulet." The priest of Ptah turns to flee. The renegade priestess of Anhur turns to flee. The priestess of Moloch hurls a potion of sleeping! The potion of sleeping misses the Angel of Thoth. The jar crashes on the giant beetle's head and breaks into shards. The potion of sleeping evaporates. The giant beetle falls asleep. The killer bee turns to flee. You hear a rumbling noise. The Angel of Ptah wields a long sword! # What do you want to sacrifice? [J or ?*] You offer the Amulet of Yendor to Anhur... An invisible choir sings, and you are bathed in radiance... The voice of Anhur thunders: "Mortal, thou hast done well!" "In return for thy service, I grant thee the gift of Immortality!" You ascend to the status of Demigod... Do you want your possessions identified? [ynq] (y) Inventory: Coins $ - 180 gold pieces Amulets T - an uncursed amulet of flying Q - an uncursed amulet of magical breathing A - the blessed Eye of the Aethiopica (being worn) Weapons a - the rustproof +4 Magicbane f - a +0 silver saber Armor n - a blessed +3 elven leather helm (being worn) u - a blessed +2 pair of leather gloves (being worn) x - an uncursed thoroughly burnt +0 pair of speed boots (being worn) b - an uncursed +0 cloak of magic resistance k - a blessed fireproof +3 cloak of protection (being worn) E - an uncursed +0 mummy wrapping O - a blessed +3 silver dragon scale mail (being worn) Comestibles M - 2 uncursed food rations m - 2 uncursed cockatrice corpses B - an uncursed cockatrice corpse (wielded) z - an uncursed lizard corpse U - an uncursed lizard corpse Rings P - an uncursed ring of conflict K - an uncursed ring of free action R - an uncursed ring of polymorph control S - an uncursed ring of shock resistance (on right hand) Wands j - a wand of cancellation (0:6) q - a wand of cold (0:3) L - a wand of death (0:6) I - a wand of death (1:0) X - a wand of digging (0:6) r - a wand of digging (0:0) N - a wand of fire (0:5) Z - a wand of locking (0:4) g - a wand of make invisible (0:5) i - a wand of polymorph (0:4) C - a wand of polymorph (0:3) W - a cursed wand of speed monster (0:6) o - a wand of teleportation (1:5) d - a wand of teleportation (0:3) Tools t - a blessed greased bag of holding containing 58 items y - an uncursed bugle D - the Bell of Opening (0:0) V - an uncursed blindfold named POIS SLEP COLD F - an uncursed brass lantern (lit) h - the cursed Candelabrum of Invocation (0 of 7 candles attached) c - a magic marker (1:33) H - a magic marker (1:1) s - an uncursed skeleton key e - a blessed +0 unicorn horn Gems/Stones Y - a blessed luckstone Contents of the bag of holding: 3 +1 daggers named +1 an uncursed +0 pair of jumping boots an uncursed banana 4 uncursed C-rations an uncursed pancake an uncursed scroll of remove curse 2 cursed scrolls of remove curse 6 uncursed scrolls of blank paper 2 cursed scrolls of blank paper 2 blessed scrolls of charging a cursed scroll of create monster 2 uncursed scrolls of destroy armor 2 uncursed scrolls of earth an uncursed scroll of enchant armor a cursed scroll of enchant armor 2 uncursed scrolls of genocide 3 uncursed scrolls of magic mapping an uncursed scroll of stinking cloud an uncursed scroll of taming 7 uncursed scrolls of teleportation a cursed scroll of teleportation a blessed spellbook of jumping an uncursed potion of gain ability an uncursed potion of extra healing 2 blessed diluted potions of full healing 2 uncursed potions of healing an uncursed potion of invisibility a cursed potion of invisibility a blessed potion of restore ability an uncursed potion of restore ability 4 potions of holy water 6 uncursed potions of water a cursed ring of invisibility an uncursed ring of free action a cursed -1 ring of gain constitution a cursed ring of slow digestion a wand of cold (0:2) a wand of create monster (0:9) a wand of digging (0:8) a wand of digging (0:7) a wand of digging (0:7) a wand of digging (0:6) a wand of digging (0:6) a wand of digging (0:5) a wand of light (0:14) a wand of light (0:12) a wand of light (0:12) a wand of locking (0:4) a wand of polymorph (0:4) a wand of polymorph (0:2) a cursed wand of polymorph (0:5) a wand of sleep (0:0) a wand of speed monster (0:4) a wand of striking (0:6) a wand of striking (0:1) a wand of undead turning (0:6) an expensive camera (0:82) an uncursed oil lamp DoktorL the Wizard's attributes: Background: You were an Enchanter, a level 17 male human Wizard. You were chaotic, on a mission for Anhur who was opposed by Ptah (lawful) and Thoth (neutral). You were in the endgame, on the Astral Plane. You entered the dungeon 28909 turns ago. You had 699963 experience points, 580037 more were needed to attain level 18. Your score was 862288 before end-of-game adjustments. Basics: You had all 144 hit points. You had 141 out of 207 energy points (spell power). Your armor class was -17. Your wallet contained 180 zorkmids. Autopickup was off. Final Characteristics: Your strength was 18 (peak:18/02, limit:18/100). Your dexterity was 17 (peak:18, limit:18). Your constitution was 18 (limit:18). Your intelligence was 16 (peak:17, limit:18). Your wisdom was 18 (limit:18). Your charisma was 8 (limit:18). Final Status: You were not hungry. You were unencumbered. You were wielding a corpse. Final Attributes: You were piously aligned. You were magic-protected. You were cold resistant. You were sleep resistant. You were shock resistant. Your items were protected from electric shocks. You were poison resistant. You saw invisible. You were telepathic. You were warned. You had teleport control. You had a small defense bonus (+2). You were protected. You took half spell damage. You were very fast. You had reflection. You were extremely lucky. You had extra luck. Good luck did not time out for you. You survived. Miscellaneous: You disabled loading of bones levels. Total elapsed playing time was 4 hours, 37 minutes and 50 seconds. Major events: Turn 1: DoktorL the chaotic male human Wizard entered the dungeon 871: attained the rank of Conjurer (level 3) 995: entered the Gnomish Mines 2960: attained the rank of Thaumaturge (level 6) 8531: was bestowed with Magicbane by Anhur 10793: entered Sokoban 11314: reached Mine Town 12689: acquired the Mines' End luckstone 13204: was bestowed with Ogresmasher by Anhur 13239: attained the rank of Magician (level 10) 13952: completed 2nd Sokoban level 14321: completed 3rd Sokoban level 15005: completed 4th Sokoban level 15152: acquired the Sokoban amulet of reflection 17500: killed Medusa 19441: made his first wish - "marker", got "a magic marker" 19443: wished for "marker", got "a magic marker" 20221: attained the rank of Enchanter (level 14) 20259: wished for "blessed greased bag of holding", got "a greased bag" 21510: found the Eye of the Aethiopica on the floor 21586: killed the invisible Dark One 21595: acquired the Bell of Opening 23002: performed his first genocide (class L) 23448: wished for "marker", got "a magic marker" 23539: wished for "blessed spellbook of finger of death", got "a silver spellbook" 23661: entered Gehennom 24806: bribed Asmodeus with 500 zorkmids for safe passage 25129: killed Juiblex 25292: bribed Baalzebub with 496 zorkmids for safe passage 25630: destroyed Vlad the Impaler 25632: acquired the Candelabrum of Invocation 25780: killed the invisible Orcus 26557: killed the Wizard of Yendor 26566: acquired the Book of the Dead 26762: performed the invocation 26773: killed the Wizard of Yendor (2nd time) 27004: killed the Wizard of Yendor (3rd time) 27127: killed the high priestess of Moloch 27131: acquired The Amulet of Yendor 28561: entered the Elemental Planes 28561: entered Plane of Earth 28562: killed the Wizard of Yendor (5th time) 28582: entered Plane of Air 28642: entered Plane of Fire 28654: entered Plane of Water 28721: entered the Astral Plane 28762: killed Death 28818: killed Death (2nd time) 28869: killed Pestilence 28885: killed Pestilence (2nd time) 28897: killed Famine 28909: ascended Vanquished creatures: Orcus Juiblex the Wizard of Yendor (5 times) Death (twice) Pestilence (twice) Famine Vlad the Impaler a high cleric Medusa 6 krakens 2 iron golems 2 storm giants 7 purple worms 2 gray dragons 6 silver dragons 2 white dragons an orange dragon a black dragon 2 green dragons a yellow dragon 16 minotaurs 2 jabberwocks the Dark One 3 baluchitheria 13 Angels a demilich a stone golem 4 Olog-hai a Nazgul 2 sandestins a hell hound 3 titanotheres a trapper a baby green dragon a guardian naga a genetic engineer a disenchanter 20 vampire leaders a skeleton 20 aligned clerics 2 captains 5 shades 3 liches 2 water trolls a nurse 3 ice devils 2 nalfeshnees a lurker above an Aleax 4 frost giants 2 ettins 4 black puddings 17 vampires 2 lieutenants 30 ghosts a cleric a ranger a queen bee 5 winged gargoyles 3 mind flayers 2 giant mimics 3 long worms 2 zruties 4 ogre tyrants an ice troll 2 rock trolls an umber hulk a flesh golem 3 elven monarchs a doppelganger 9 hezrous 2 bone devils 3 large mimics a wumpus 3 fire vortices 11 stalkers 10 air elementals 4 fire elementals 2 earth elementals 6 water elementals 2 hill giants 2 giant mummies 3 black nagas 12 xorns 11 giant zombies 3 elf-nobles 6 sergeants 5 barbed devils 6 vrocks 11 wargs a winter wolf 5 small mimics a glass piercer 2 warhorses 6 steam vortices 3 xans 5 ettin mummies 2 ogre leaders 2 quantum mechanics 5 trolls 2 sasquatches 3 wood golems 2 erinyes 3 mariliths 3 sharks an electric eel 3 gelatinous cubes 3 pyrolisks 3 freezing spheres 5 flaming spheres 3 shocking spheres 2 large cats 3 tigers 3 gargoyles a dwarf ruler 8 tengu 4 ochre jellies 5 leocrottas 2 energy vortices 3 mountain centaurs 2 stone giants 4 elf mummies 2 human mummies a red naga a green slime a python 2 pit vipers a cobra 45 wraiths a carnivorous ape 11 ettin zombies 2 leather golems a Grey-elf 54 soldiers 5 amorous demons 7 horned devils 7 chameleons 2 crocodiles 12 giant beetles 2 quivering blobs 13 cockatrices 8 wolves 8 winter wolf cubs 2 lynxes 8 gremlins a leprechaun 2 orc-captains 3 iron piercers a mumak 12 giant spiders 2 scorpions 3 horses 2 black lights 25 vampire bats a forest centaur 4 gnome rulers 3 orc mummies 3 dwarf mummies a brown pudding 7 rust monsters 8 owlbears 4 yetis a gold golem 4 Green-elves 2 piranha 12 giant eels 7 lizards 3 chickatrices 2 dingoes 3 dogs a housecat 2 jaguars 2 dwarf leaders 4 blue jellies 4 white unicorns a gray unicorn 4 dust vortices 3 ravens 2 plains centaurs 4 gnome mummies 3 snakes 6 apes 14 human zombies 5 Woodland-elves 13 soldier ants 17 fire ants 6 bugbears an imp 5 quasits 9 wood nymphs 3 water nymphs 7 mountain nymphs 2 orc shamans 7 rock piercers 7 rock moles 3 ponies 4 fog clouds 8 yellow lights 2 shriekers 3 violet fungi 18 gnome leaders 5 gnomish wizards 3 kobold mummies 2 red naga hatchlings a black naga hatchling 3 gray oozes 2 barrow wights 14 elf zombies 9 ghouls 3 straw golems 3 paper golems 19 giant ants 7 floating eyes 2 kittens 19 dwarves 6 homunculi a kobold leader 4 kobold shamans 11 hill orcs 14 rothes 2 rabid rats 3 centipedes 12 giant bats 4 monkeys 8 orc zombies 11 dwarf zombies a wererat 2 werejackals 10 iguanas 59 killer bees an acid blob 2 coyotes 2 gas spores 5 hobbits 5 manes a large kobold 16 hobgoblins 2 giant rats a cave spider a brown mold a yellow mold a red mold 53 gnomes 2 garter snakes 17 gnome zombies 9 geckos 10 jackals 2 foxes 6 kobolds 5 goblins 2 sewer rats 7 grid bugs 4 bats 6 lichens 18 kobold zombies 15 newts 1379 creatures vanquished. Genocided or extinct species: arch-liches master liches demiliches liches erinyes (extinct) 4 species genocided. 1 species extinct. Voluntary challenges: You read items or engraved 77 times. You engraved Elbereth 7 times. You genocided 4 types of monsters. You never changed form. You used 5 wishes. You did not wish for any artifacts. You violated the special Sokoban rules once. Achievements: You entered a shop. You attained the rank of Conjurer. You entered the Gnomish Mines. You attained the rank of Thaumaturge. You entered Sokoban. You entered Minetown. You entered a temple. You completed the Gnomish Mines. You attained the rank of Magician. You completed Sokoban. You defeated Medusa. You learned the tune to open and close the Castle's drawbridge. You attained the rank of Enchanter. You had the Bell of Opening. You entered Gehennom. You had the Candelabrum of Invocation. You handled the Book of the Dead. You gained access to Moloch's Sanctum. You reached the Elemental Planes. You reached the Astral Plane. You delivered the Amulet of Yendor. You ascended! The Elemental Planes: Astral Plane: <- You are here. Many temples. Plane of Water: Plane of Fire: Plane of Air: Plane of Earth: The Dungeons of Doom: levels 1 to 25 Level 1: One way stairs up to The Elemental Planes. Level 2: A general store, a fountain. Level 3: Some fountains. Level 4: A grave. Stairs down to The Gnomish Mines. Level 5: Level 6: "vault televaultpick" A general store, an altar to Anhur. Level 7: Many fountains. Level 8: Stairs up to Sokoban, level 7. Level 9: Level 10: Level 11: A fountain. Level 12: Level 13: Level 14: Portal to The Quest. Level 15: A fountain. Level 16: A sink. Level 17: A grave. Level 18: A primitive area. Level 19: Level 20: A fountain. Level 21: Level 22: Level 23: Level 24: Level 25: A fountain. The castle. Gehennom: levels 26 to 46 Level 26: A temple, many graves. Valley of the Dead. Level 27: Level 28: Level 29: Level 30: Level 31: Level 32: Some fountains. Level 33: Level 34: Level 35: Level 36: Stairs up to Vlad's Tower, level 35. Level 37: An altar, many graves. Level 38: Level 39: Level 40: Level 41: Level 42: Level 43: "tower" Level 44: Level 45: Level 46: A temple, many graves. Moloch's Sanctum. The Gnomish Mines: levels 5 to 12 Level 5: "stash" Level 6: Level 7: Level 8: Many shops, a temple, many fountains. Level 9: Level 10: Level 11: Level 12: The Quest: levels 1 to 5 Level 1: A throne. Completed quest for Neferet the Green. Level 2: Level 3: Level 4: Level 5: A temple to Anhur. Sokoban: levels 7 up to 4 Level 4: Solved. Level 5: Solved. Level 6: Solved. Level 7: Unsolved. Vlad's Tower: levels 35 up to 33 Level 33: Level 34: Level 35: Goodbye DoktorL the Demigod... You went to your reward with 1768626 points, Magicbane (worth 3500 zorkmids and 8750 points) The Candelabrum of Invocation (worth 5000 zorkmids and 12500 points) The Eye of the Aethiopica (worth 4000 zorkmids and 10000 points) The Bell of Opening (worth 5000 zorkmids and 12500 points) and 180 pieces of gold, after 28909 moves. You were level 17 with a maximum of 144 hit points when you ascended.